 Dungeon Crawl Stone Soup version 0.26.1-11-gd32895ea62 (webtiles) character file.

Game seed: 16801329365559024935

52 adizb the Sneak (level 3, -1/24 HPs)
             Began as an Octopode Brigand on June 24, 2021.
             Killed from afar by Sigmund (8 damage)
             ... with a magic dart
             ... on level 2 of the Dungeon.
             The game lasted 00:20:38 (816 turns).

adizb the Sneak (Octopode Brigand)                   Turns: 816, Time: 00:20:39

Health: -1/24      AC:  1    Str: 11    XL:     3   Next: 85%
Magic:  3/3        EV: 13    Int: 13    God:
Gold:   12         SH:  0    Dex: 13    Spells: 2/2 levels left

rFire    . . .     SeeInvis .   a - +2 dagger
rCold    . . .     Faith    .   (no shield)
rNeg     . . .     Spirit   .   (helmet restricted)
rPois    .         Reflect  .   (no amulet)
rElec    .         Harm     .   (no ring)
rCorr    .         Rampage  .   (no ring)
Will     .....                  (no ring)
Stlth    ++........             (no ring)
HPRegen  0.08/turn              (no ring)
MPRegen  0.08/turn              (no ring)
                                (no ring)
                                (no ring)

@: confused
A: almost no armour, stealthy swim, amphibious, 8 rings, constrict 8, camouflage
1, gelatinous body 1
a: no special abilities


You were on level 2 of the Dungeon.
You visited 1 branch of the dungeon, and saw 2 of its levels.

You collected 12 gold pieces.

Inventory:

Hand Weapons
 a - a +2 dagger (weapon)
 f - a +0 dagger
 i - a +0 whip
 n - a +2 whip of distortion
Missiles
 b - 8 poisoned darts (quivered)
 c - 2 curare-tipped darts
 q - 21 stones
Armour
 d - a +0 leather armour
 g - a scarf of shadows
 h - a +0 helmet
 j - a cursed -2 ring mail
Scrolls
 l - 2 scrolls of identify {unknown}
 m - a scroll of remove curse {unknown}
 o - a scroll of blinking {unknown}
 r - a scroll of amnesia {unknown}
 s - a scroll of enchant weapon {unknown}
 t - a scroll of enchant armour {unknown}
Potions
 e - a potion of curing {unknown}
 p - a potion of ambrosia {unknown}


   Skills:
 + Level 2.2 Fighting
 + Level 2.4 Short Blades
 + Level 2.1 Throwing
 * Level 1.9 Dodging
 + Level 6.3 Stealth


You had 2 spell levels left.
You didn't know any spells.
Your spell library was empty.

Dungeon Overview and Level Annotations

Branches:
Dungeon (2/15)

Altars:

Annotations:
D:2 Sigmund


Innate Abilities, Weirdness & Mutations

You cannot wear most types of armour.
You are very stealthy in the water. (Stealth+)
You are amphibious.
You can wear up to eight rings at the same time.
You can use your tentacles to constrict eight enemies at once.
Your skin changes colour to match your surroundings (Stealth+).
Your rubbery body absorbs attacks. (AC +1, EV +1)


Message History

* * * LOW HITPOINT WARNING * * *
You closely miss something. Something hits you.
* * * LOW HITPOINT WARNING * * *
It was a potion of heal wounds.
You feel much better. Something hits you!
You hit something.
You hear some strange, mumbled words.
A magic dart appears from out of thin air!
The magic dart hits you!
* * * LOW HITPOINT WARNING * * *
You barely miss something. You squeeze something!
You hear some strange, mumbled words.
You are confused.
You closely miss something. Something barely misses you.
You bump into the rock wall.
You closely miss something.
You hear some strange, mumbled words.
A magic dart appears from out of thin air!
The magic dart hits you!
You die...

#####.###...........#
......# ###########.#
#####.# #.# #.# #.#
#.# #.# ... ##.######
#.# #.......# #.#
##########..####.#
..# ?....?..@{g.#
###########.####.##
#..l.<... # #hB###.##
#. #{.# #.###..###.##
#...........
#.##...###.## #...#


You could see a goblin.

Vanquished Creatures
  An ooze (D:1)
  3 dart slugs (D:1)
  A leopard gecko (D:2)
  7 giant cockroaches
  6 hobgoblins
  3 jackals (D:2)
  2 kobolds (D:1)
  2 ball pythons
  4 bats (D:1)
  4 frilled lizards (D:1)
  A goblin (D:1)
  5 rats
39 creatures vanquished.

Notes
Turn   | Place    | Note
-------+----------+-------------------------------------------
     0 | D:1      | adizb the Octopode Brigand began the quest for the Orb.
     0 | D:1      | Reached XP level 1. HP: 14/14 MP: 1/1
   103 | D:1      | Reached XP level 2. HP: 17/19 MP: 2/2
   220 | D:1      | Reached skill level 6 in Stealth
   339 | D:1      | Reached XP level 3. HP: 21/24 MP: 3/3
   779 | D:2      | Noticed Sigmund
   809 | D:2      | HP: 1/24 [something (6)]
   816 | D:2      | Killed from afar by Sigmund

Illustrated notes

Levels and vault maps discovered:
D:1:      sevenhm_arrival_forest_fort_small_5, layout_basic
D:2:      layout_loops_ring, uniq_sigmund

Skill      XL: |  1  2 |
---------------+-------+-----
Stealth        | 6 |  6.3
Fighting       | |  2.2
Short Blades   | |  2.4
Throwing       | |  2.1
Dodging        | |  1.9

Action                   || total
-------------------------++-------
Melee: Dagger            ||    72
       Constrict         ||    16
       Tentacles         ||    14
Throw: Dart              ||     1
  Use: Potion            ||     1
 Stab: Sleeping          ||    12
Armor: Skin              ||    14
Dodge: Dodged            ||    47
